 Dungeon Crawl Stone Soup version 0.30-a0-691-g754fce4c43 (webtiles) character file.

Game seed: 2568917362257361622

18 wormed the Sneak (level 2, 0/14 HPs)
             Began as a Felid Delver on Jan 20, 2023.
             Slain by a black bear (5 damage)
             ... on level 5 of the Dungeon.
             The game lasted 00:00:36 (144 turns).

wormed the Sneak (Felid Delver)                      Turns: 144, Time: 00:00:37

Health: 0/14       AC:  1    Str:  8    XL:     2   Next: 48%
Magic:  3/3        EV: 18    Int: 11    God:
Gold:   0          SH:  0    Dex: 17    Spells: 1/1 levels left
                                        Lives:  0   Deaths: 0

rFire   . . .      SeeInvis +      - Unarmed
rCold   . . .      Faith    .    (shield unavailable)
rNeg    . . .      Spirit   .    (body armour unavailable)
rPois   .          Reflect  .    (helmet unavailable)
rElec   .          Harm     .    (cloak unavailable)
rCorr   .          Rampage  .    (gloves unavailable)
Will    .....                    (boots unavailable)
Stlth   ++++                     (no amulet)
HPRegen 0.22/turn                (no ring)
MPRegen 0.08/turn                (no ring)

@: quick
A: very small, claws 1, fangs 3, see invisible, speed 1, shaggy fur 1, stealthy
paws, no weapons or thrown items, no armour, multi-lived
a: no special abilities


You were on level 5 of the Dungeon.
You visited 1 branch of the dungeon, and saw 1 of its levels.

Inventory:

Wands
 e - a wand of digging (3)
Scrolls
 a - a scroll of fog
 c - a scroll of fear
Potions
 d - a potion of haste


   Skills:
 + Level 3.2 Fighting
 + Level 3.1 Dodging
 + Level 6.8 Stealth
 + Level 2.3 Unarmed Combat


You had one spell level left.
You didn't know any spells.
Your spell library was empty.

Dungeon Overview and Level Annotations

Branches:
Dungeon (5/15)
 Temple: D:4-7

Altars:
Elyvilon
Gozag
Kikubaaqudgha
Sif Muna
Trog
Wu Jian
Xom


Innate Abilities, Weirdness & Mutations

You have sharp claws.
You have razor-sharp teeth.
You have supernaturally acute eyesight. (SInv)
You cover ground quickly. (Speed+)
You are covered in fur. (AC +1)
Your paws help you pounce on unaware monsters.
You are incapable of wielding weapons or throwing items.
You cannot wear armour.
You gain extra lives every three experience levels.


Message History

You open the door.
Found an ornate altar of the Wu Jian Council.
There is an open door here.
There is an open door here.
An adder comes into view.
The helpless adder fails to defend itself.
You mangle the adder!!
You kill the adder!
Your Dodging skill increases to level 3!
You have reached level 2!
Found three altars.
Found a white marble altar of Elyvilon.
Found a shimmering altar of Xom.
Found an ancient bone altar of Kikubaaqudgha.
There is an opulent altar of Gozag here.
You sit before the altar of Gozag.
Gozag does not accept service from beggars like you!
The service fee for joining is currently 15 gold; you have none.
An adder comes into view.
Found a puce potion.
You pounce on the unaware helpless adder!
You mangle the adder!!
You kill the adder!
An adder comes into view.
An adder comes into view.
An iguana comes into view.
The adder hisses angrily. x2
Found 7 stones.
A black bear comes into view.
Found 20 gold pieces.
You pounce on the unaware helpless black bear!
You claw the black bear!
The black bear is heavily wounded.
The black bear bites you!
Ouch! That really hurt!
The black bear completely misses you. The black bear claws you.
You barely miss the black bear.
The black bear is heavily wounded.
The black bear barely misses you. The black bear claws you.
You die...

*****,*****,,<,###..###.....##
*,,,,,,,,**,,*,#_...._###.#.#.
*,***,**,**,,*,###..#####...#.
*,* *,**,**,,*,#....._#...#.#.
*,* *,,,,,,,,,,##___.##.###.##
****,******,**,############....#*
*,,,,,,* ****,,$.#.....##.#####*
*,**,*,* #######h#.###.##.#### *
*,**,*,** #.....@S#.# #†.S....# *
*,**,,,,* #.........# #.##.##.###
*,****,,* #........## #.##.....S?
*,****,,**#........# #.##.......
*,,,,,,,,.........## #.###......
*****,*,*##..(....# #.#*###.##!
*,*,**#.......# #..,,,..#*,
*,*,,*#.#######***#.***####*,
*,**,*#.***,,,,,,,,,* *,


You could see a black bear and an adder.

Vanquished Creatures
  2 adders (D:5)
2 creatures vanquished.

Notes
Turn   | Place    | Note
-------+----------+-------------------------------------------
     0 | D:5      | wormed the Felid Delver began the quest for the Orb.
     0 | D:5      | Reached XP level 1. HP: 10/10 MP: 2/2
    11 | D:5      | Found an ornate altar of the Wu Jian Council.
    64 | D:5      | Reached XP level 2. HP: 14/14 MP: 3/3
    78 | D:5      | Found an opulent altar of Gozag.
    78 | D:5      | Found a shimmering blue altar of Sif Muna.
    78 | D:5      | Found a bloodstained altar of Trog.
    80 | D:5      | Found a white marble altar of Elyvilon.
    81 | D:5      | Found a shimmering altar of Xom.
    82 | D:5      | Found an ancient bone altar of Kikubaaqudgha.
   140 | D:5      | Noticed a black bear
   144 | D:5      | Slain by a black bear

Illustrated notes

Levels and vault maps discovered:
D:5:      layout_loops_cross, nicolae_wu_jian_immortal_techniques, minitemple

Skill      XL: |  1 |
---------------+----+-----
Dodging        | 3 |  3.1
Fighting       | |  3.2
Stealth        | |  6.8
Unarmed Combat | |  2.3

Action                   || total
-------------------------++-------
Melee: Unarmed           ||     4
  Use: Scroll            ||     1
 Stab: Sleeping          ||     3
Dodge: Dodged            ||     2

Table legend: (Time is in decaauts)
 A = Elapsed time spent in this place.
 B = Non-inter-level travel time spent in this place.
 C = Inter-level travel time spent in this place.
 D = Time resting spent in this place.
 E = Time spent auto-exploring this place.
 F = Levels seen in this place.
 G = Mean time per level.
                   A        B        C        D        E       F      G
               +--------+--------+--------+--------+--------+-----+--------+
         Total |    116 |     59 |     57 |      0 |     26 |   1 |  116.0 |
       Dungeon |    116 |     59 |     57 |      0 |     26 |   1 |  116.0 |
               +--------+--------+--------+--------+--------+-----+--------+

Top non-repeatable levels by time:
     D:5: 116 daAuts
